 Dungeon Crawl Stone Soup version 0.28-a0-390-gb254ac4902 (webtiles) character file.

Game seed: 7104802566923031228

210 zdrol the Chopper (level 5, -20/47 HPs)
             Began as a Minotaur Fighter on Sept 3, 2021.
             Demolished by an ogre (25 damage)
             ... on level 4 of the Dungeon.
             The game lasted 00:07:32 (1659 turns).

zdrol the Chopper (Minotaur Fighter)                Turns: 1659, Time: 00:07:34

Health: -20/47     AC:  7    Str: 22    XL:     5   Next: 56%
Magic:  4/4        EV:  6    Int:  5    God:
Gold:   63         SH: 12    Dex:  9    Spells: 4/4 levels left

rFire   . . .      SeeInvis .   a - +0 war axe
rCold   . . .      Faith    .   e - +0 tower shield
rNeg    . . .      Spirit   .   b - +0 scale mail
rPois   .          Reflect  .   (helmet restricted)
rElec   .          Harm     .   (no cloak)
rCorr   .          Rampage  .   (no gloves)
Will    .....                   (no boots)
Stlth   ..........              (no amulet)
HPRegen 0.15/turn               (no ring)
MPRegen 0.09/turn               (no ring)

@: no status effects
A: horns 2, retaliatory headbutt
a: no special abilities


You were on level 4 of the Dungeon.
You visited 1 branch of the dungeon, and saw 3 of its levels.

You collected 63 gold pieces.

Inventory:

Hand Weapons
 a - a +0 war axe (weapon)
Missiles
 i - 2 throwing nets (quivered)
 l - 4 boomerangs
 o - 10 poisoned darts
Armour
 b - a +0 scale mail (worn)
 c - a +0 buckler
 e - a +0 tower shield (worn)
Magical Staves
 n - a staff of conjuration
Scrolls
 f - 3 scrolls of identify {unknown}
 k - a scroll of summoning {unknown}
 m - a scroll of fear {unknown}
Potions
 d - a potion of might
 g - a potion of magic {unknown}
 h - 2 potions of invisibility {unknown}
 j - 2 potions of attraction {unknown}


   Skills:
 + Level 4.3 Fighting
 + Level 5.0 Axes
 + Level 4.4 Armour
 + Level 1.0 Dodging
 + Level 4.8 Shields


You had 4 spell levels left.
You didn't know any spells.
Your spell library contained the following spells:

 Spells                   Type           Power      Damage    Failure   Level
 Summon Guardian Golem    Hex/Summ       0%         N/A       100%        3
 Orb of Destruction       Conj           0%         N/A       100%        7
 Spellforged Servitor     Conj/Summ      0%         N/A       100%        7


Dungeon Overview and Level Annotations

Branches:
Dungeon (2/15)

Altars:

Annotations:
D:4 Blork the orc


Innate Abilities, Weirdness & Mutations

You have a pair of horns on your head.
You reflexively headbutt those who attack you in melee.


Message History

Your Axes skill increases to level 5!
You now have 63 gold pieces (gained 4).
There is a shaft here.
You fall into a shaft and drop 2 floors!
The shaft crumbles and collapses.
Blork the orc shouts!
Found a small jasper amulet.
Blork the orc barely misses you.
An ogre comes into view. It is wielding a +0 giant spiked club.
You block Blork the orc's attack.
You closely miss Blork the orc. You block Blork the orc's attack.
You hit Blork the orc. Your headbutt misses Blork the orc.
Blork the orc is lightly wounded.
You slash the ogre!
Blork the orc points at you and mumbles some strange words.
The magic dart hits you.
The ogre hits you with a +0 giant spiked club.
You block Blork the orc's attack.
The ogre hits you with a +0 giant spiked club!
You closely miss Blork the orc. You headbutt Blork the orc.
Blork the orc is moderately wounded.
Your shield prevents you from hitting the ogre.
Blork the orc barely misses you. The ogre hits you but does no damage.
You barely miss Blork the orc.
You headbutt Blork the orc, but do no damage.
Blork the orc is moderately wounded.
You slash the ogre! You block Blork the orc's attack.
The ogre hits you with a +0 giant spiked club!!
Ouch! That really hurt!
* * * LOW HITPOINT WARNING * * *
Blork the orc barely misses you. You furiously retaliate!
You headbutt Blork the orc.
Your shield prevents you from hitting Blork the orc.
You headbutt Blork the orc, but do no damage.
Blork the orc is heavily wounded.
You barely miss the ogre.
Blork the orc looks braver for a moment.
The ogre hits you with a +0 giant spiked club!!
Ouch! That really hurt!
You die...

# #.. ##..o .
...... ..
......#+###+##...
......o@.........
..."..O..........
.................
######........###
#........#
#........#
#........#
##########


You could see Blork the orc and an ogre.

Vanquished Creatures
  Sigmund (D:2)
  An adder (D:2)
  A worm (D:2)
  A dart slug (D:1)
  4 endoplasms
  A giant cockroach (D:2)
  4 goblins
  6 hobgoblins (D:1)
  4 kobolds (D:1)
  A quokka (D:2)
  A ball python (D:2)
  8 bats
  3 frilled lizards
  3 rats (D:1)
39 creatures vanquished.

Vanquished Creatures (others)
  2 fungi (D:2)
  9 plants (D:2)
11 creatures vanquished.

Grand Total: 50 creatures vanquished

Notes
Turn   | Place    | Note
-------+----------+-------------------------------------------
     0 | D:1      | zdrol the Minotaur Fighter began the quest for the Orb.
     0 | D:1      | Reached XP level 1. HP: 19/19 MP: 0/0
   143 | D:1      | Reached XP level 2. HP: 27/27 MP: 1/1
   285 | D:1      | Reached skill level 3 in Axes
   875 | D:2      | Noticed Sigmund
   883 | D:2      | Found a faded altar of an unknown god.
   892 | D:2      | Killed Sigmund
   893 | D:2      | Reached skill level 4 in Axes
   893 | D:2      | Reached skill level 1 in Dodging
   893 | D:2      | Reached XP level 3. HP: 19/34 MP: 2/2
   893 | D:2      | Reached XP level 4. HP: 23/41 MP: 3/3
   893 | D:2      | Reached XP level 5. HP: 26/47 MP: 4/4
  1637 | D:2      | Reached skill level 5 in Axes
  1649 | D:2      | You fall into a shaft and drop 2 floors!
  1649 | D:4      | Noticed Blork the orc
  1654 | D:4      | Noticed an ogre
  1659 | D:4      | Demolished by an ogre

Illustrated notes

Levels and vault maps discovered:
D:1:      dpeg_chamrin_arrival_tetris, layout_loops_ring
D:2:      layout_basic, shapermc_ecumenical_altar_mp_ritualfount, uniq_sigmund
D:4:      layout_gridville, minmay_temple_entry_ruins, uniq_pikel, uniq_grinder,
          uniq_blork_the_orc

Skill      XL: |  1  2  3  4  5 |
---------------+----------------+-----
Shields        | 4 |  4.8
Fighting       | 4 |  4.3
Axes           | 4 5 |  5.0
Armour         | 4 |  4.4
Dodging        | 1 |  1.0

Action                   |  1- 3 |  4- 6 || total
-------------------------+-------+-------++-------
Melee: War axe           |    53 |    43 ||    96
       Headbutt          |    10 |    11 ||    21
Armor: Scale mail        |    19 |    23 ||    42
Dodge: Dodged            |    13 |    24 ||    37
Block: Buckler           |     2 |       ||     2
       Tower shield      |    29 |    37 ||    66

Table legend: (Time is in decaauts)
 A = Elapsed time spent in this place.
 B = Non-inter-level travel time spent in this place.
 C = Inter-level travel time spent in this place.
 D = Time resting spent in this place.
 E = Time spent auto-exploring this place.
 F = Levels seen in this place.
 G = Mean time per level.
                   A        B        C        D        E       F      G
               +--------+--------+--------+--------+--------+-----+--------+
         Total |   1725 |   1725 |      0 |      0 |    770 |   3 |  575.0 |
       Dungeon |   1725 |   1725 |      0 |      0 |    770 |   3 |  575.0 |
               +--------+--------+--------+--------+--------+-----+--------+

Top non-repeatable levels by time:
     D:1: 903 daAuts
     D:2: 809 daAuts
     D:4: 12 daAuts
